 Dungeon Sprint DCSS version 0.27.0-1-g7a089689b8 (webtiles) character file.

Game seed: 13429705113889939918

761 xpp the Fighter (level 7, 0/74 HPs)
             Began as a Green Draconian Berserker on July 31, 2021.
             Was a Priest of Trog.
             Slain by a boulder beetle (29 damage)
             ... in the Dungeon (Sprint II: "The Violet Keep of Menkaure").
             The game lasted 00:05:29 (946 turns).

xpp the Fighter (Green Draconian Berserker)          Turns: 946, Time: 00:05:30

Health: 0/74       AC:  7    Str: 20    XL:     7   Next: 51%
Magic:  7/7        EV: 14    Int:  7    God:    Trog [***...]
Gold:   486        SH:  0    Dex: 10    Spells: 6/6 levels left

rFire    . . .     SeeInvis .   a - +0 short sword
rCold    . . .     Faith    .   (no shield)
rNeg     . . .     Spirit   .   (armour unavailable)
rPois    +         Reflect  .   (helmet restricted)
rElec    .         Harm     .   (no cloak)
rCorr    .         Rampage  .   (no gloves)
Will     .....     NoTele   +   (no boots)
Stlth    +.........             (no amulet)
HPRegen  0.22/turn              (no ring)
MPRegen  0.10/turn              (no ring)

@: short of breath, on berserk cooldown, slowed, very slow
A: breathe noxious fumes, AC +6, unfitting armour, poison resistance,
cold-blooded, shaggy fur 1, weak 1, subdued magic 1
a: Breathe Noxious Fumes, Renounce Religion, Berserk, Trog's Hand


You were in the Dungeon.
You worshipped Trog.
Trog was most pleased with you.
You visited 1 branch You collected 486 gold pieces.

Inventory:

Hand Weapons
 a - a +0 short sword (weapon)
Scrolls
 g - a scroll of blinking
Potions
 c - a potion of heal wounds
 d - a potion of haste
 e - 2 potions of magic
 f - a potion of berserk rage


   Skills:
 * Level 11.0 Fighting
 + Level 10.4 Short Blades
 * Level 8.9 Dodging


You had 6 spell levels left.
You didn't know any spells.
Your spell library was empty.

Dungeon Overview and Level Annotations

Branches:
Dungeon (1/1)

Altars:


Innate Abilities, Weirdness & Mutations

You can breathe blasts of noxious fumes.
Your lurid green scales are hard. (AC +6)
You cannot fit into any form of body armour.
Your system is resistant to poisons. (rPois)
You are cold-blooded and may be slowed by cold attacks.
You are covered in fur. (AC +1)
You are weak. (Str -2)
Your spells are a little easier to cast, but a little less powerful.


Message History

Your tail-slap misses the boulder beetle.
The boulder beetle is moderately wounded.
The boulder beetle completely misses you.
You barely miss the boulder beetle.
The boulder beetle is moderately wounded.
You hit the boulder beetle.
The boulder beetle is moderately wounded.
You hit the boulder beetle.
The boulder beetle is moderately wounded.
The boulder beetle leaps!
There is an open door here.
You feel a strong urge to attack something.
You slam the door shut with a bang!
You are no longer berserk.
You are exhausted.
You feel yourself slow down. The boulder beetle bites you.
You hit the boulder beetle but do no damage.
You tail-slap the boulder beetle, but do no damage.
The boulder beetle is moderately wounded.
You hit the boulder beetle. You tail-slap the boulder beetle.
The boulder beetle is heavily wounded.
The boulder beetle bites you but does no damage.
You puncture the boulder beetle!
Your tail-slap misses the boulder beetle.
The boulder beetle is heavily wounded.
The boulder beetle closely misses you.
You hit the boulder beetle but do no damage.
The boulder beetle is heavily wounded.
The boulder beetle leaps!
Press: ? - help, Shift-Dir - straight line, f - boulder beetle
Aim: a boulder beetle (heavily wounded)
You exhale a blast of noxious fumes.
The blast of choking fumes hits the boulder beetle.
The boulder beetle is heavily wounded.
The boulder beetle is engulfed in noxious fumes.
The boulder beetle curls into a ball and begins rolling!
The boulder beetle is engulfed in noxious fumes.
The boulder beetle appears confused.
The boulder beetle hits you!!
You die...

+# ####.##
#○.##.#
####B@.## #
##.###+##
l#
#..°##B##.#
#'.<.+#
#.B.##.##.#
##.# #+# l#
## #.# #
#..#..# ##.
.##


You could see a boulder beetle (rolling, confused).

Vanquished Creatures
  4 neqoxecs (D)
  4 scorpions (D)
8 creatures vanquished.

Vanquished Creatures (others)
  Menkaure (D)
  A water moccasin (D)
2 creatures vanquished.

Grand Total: 10 creatures vanquished

Notes
Turn   | Place    | Note
-------+----------+-------------------------------------------
     0 | D        | xpp the Draconian Berserker began the quest for the Orb.
     0 | D        | Reached XP level 1. HP: 19/19 MP: 1/1
     1 | D        | Noticed a boulder beetle
     1 | D        | Noticed a boulder beetle
     5 | D        | Noticed a neqoxec
     5 | D        | Noticed a neqoxec
     5 | D        | Noticed a neqoxec
     5 | D        | Noticed a neqoxec
     9 | D        | Gained mutation: You are weak. (Str -2) [a neqoxec]
    11 | D        | Gained mutation: You are covered in fur. (AC +1) [a
                  | neqoxec]
    12 | D        | Killed a neqoxec
    13 | D        | Reached skill level 7 in Fighting
    13 | D        | Reached skill level 5 in Dodging
    13 | D        | Reached XP level 2. HP: 34/34 MP: 2/2
    13 | D        | Reached XP level 3. HP: 39/39 MP: 3/3
    13 | D        | Reached XP level 4. HP: 47/47 MP: 4/4
    16 | D        | Gained mutation: Your spells are a little easier to cast,
                  | but a little less powerful. [a neqoxec]
    18 | D        | Killed a neqoxec
    18 | D        | Reached ** piety under Trog
    19 | D        | Reached skill level 8 in Fighting
    19 | D        | Reached XP level 5. HP: 56/56 MP: 5/5
    23 | D        | Killed a neqoxec
    24 | D        | Reached skill level 9 in Fighting
    24 | D        | Reached XP level 6. HP: 66/66 MP: 6/6
    39 | D        | Killed a neqoxec
    40 | D        | Reached skill level 10 in Fighting
    40 | D        | Your scales start taking on a lurid green colour.
    40 | D        | Reached XP level 7. HP: 49/72 MP: 7/7
    40 | D        | Gained mutation: Your system is resistant to poisons.
                  | (rPois) [Green Draconian growth]
    46 | D        | Killed Menkaure
   149 | D        | Noticed a wyvern
   149 | D        | Noticed a wyvern
   171 | D        | Reached *** piety under Trog
   257 | D        | Reached skill level 10 in Short Blades
   272 | D        | Reached skill level 11 in Fighting
   946 | D        | Slain by a boulder beetle

Illustrated notes

Levels and vault maps discovered:
D:        the_violet_keep_of_menkaure [sprint2_stairs_cluster_1,
          sprint2_shoproom, sprint2_temple, sprint2_basic_supplies,
          sprint2_obstacle_5, sprint2_obstacle_1, sprint2_obstacle_7,
          sprint2_obstacle_2, sprint2_obstacle_3, sprint2_timed_cluster_1,
          sprint2_smallroom_cluster_1, sprint2_smallroom_final_cluster_1,
          sprint2_transparent_cluster_1, sprint2_second_timed_cluster_1,
          sprint2_sniper_area_1, sprint2_heavy_combat_area_1,
          sprint2_mutation_trap_area_1, sprint2_forest_area_1,
          sprint2_light_combat_area_1, sprint2_behind_water_1,
          sprint2_near_end_vault_1]

Skill      XL: |  1  2  3  4  5  6  7 |
---------------+----------------------+-----
Fighting       | 7 8 9 10 11 | 11.0
Short Blades   | 6 7 8 9 10 | 10.4
Dodging        | 5 6 7 8 |  8.9

Action                   |  1- 3 |  4- 6 |  7- 9 || total
-------------------------+-------+-------+-------++-------
Melee: Short sword       |     5 |    27 |    98 ||   130
       Tailslap          |     2 |     2 |    26 ||    30
Invok: Berserk           |     1 |       |     3 ||     4
 Abil: Breathe Noxious F |       |       |     1 ||     1
  Use: Potion            |       |       |     1 ||     1
Armor: Skin              |     1 |     5 |     7 ||    13
Dodge: Dodged            |       |     8 |    22 ||    30
